 Dungeon Crawl Stone Soup version 0.28-a0-750-g7c675f85b1 (webtiles) character file.

Game seed: 13816030220527531971

24132 freelancePsychic the Destroyer (level 12, 0/97 HPs)
             Began as a Demonspawn Conjurer on Oct 30, 2021.
             Was a High Priest of Vehumet.
             Slain by a jumping spider (shapeshifter) (6 damage)
             ... on level 12 of the Dungeon.
             The game lasted 00:43:48 (23124 turns).

freelancePsychic the Destroyer (DsCj)              Turns: 23124, Time: 00:43:49

Health: 0/97       AC: 10    Str:  9    XL:     12   Next: 78%
Magic:  17/22      EV:  7    Int: 24    God:    Vehumet [*****.]
Gold:   607        SH:  0    Dex: 11    Spells: 9/25 levels left

rFire   + . .      SeeInvis .   y - staff of earth
rCold   + + +      Faith    .   (no shield)
rNeg    . . .      Spirit   .   D - +0 robe {rF+}
rPois   .          Reflect  .   (helmet unavailable)
rElec   .          Harm     .   I - +0 cloak
rCorr   .          Rampage  .   i - +2 pair of gloves
Will    .....                   (no boots)
Stlth   ++........              F - amulet of regeneration
HPRegen 1.26/turn               k - ring "Bijyak" {Wiz +Blink rC+++ Will-}
MPRegen 0.18/turn               x - +4 ring of protection

@: held
A: horns 3, large bone plates 3, powered by death 1
a: Renounce Religion, Evoke Blink


You were on level 12 of the Dungeon.
You worshipped Vehumet.
Vehumet was extremely pleased with you.
You visited 2 branches of the dungeon, and saw 15 of its levels.
You also visited: Ossuary.

You collected 1111 gold pieces.
You spent 504 gold pieces at shops.

Inventory:

Hand Weapons
 c - a +1 short sword of draining
Missiles
 H - a throwing net
Armour
 i - a +2 pair of gloves (worn)
 A - the +8 orange crystal plate armour {Archmagi, Int+3 Clar}
   (You found it on level 7 of the Dungeon)

   Int:       It affects your intelligence (+3).
   Clar:      It protects you against confusion.
 D - a +0 robe of fire resistance (worn)
 E - a +0 plate armour
 I - a +0 cloak (worn)
Magical Staves
 y - a staff of earth (weapon)
Jewellery
 k - the ring "Bijyak" (left hand) {Wiz +Blink rC+++ Will-}
   (You acquired it on level 5 of the Dungeon)

   [ring of wizardry]

   It improves your spell success rate.
   rC:        It renders you almost immune to cold.
   +Blink:    It lets you blink.
   Will:      It decreases your willpower.
 n - a ring of fire
 x - a +4 ring of protection (right hand)
 F - an amulet of regeneration (around neck)
 G - a +4 ring of evasion
Wands
 C - a wand of flame (25)
Scrolls
 b - 2 scrolls of silence
 d - a scroll of teleportation {@r4}
 l - a scroll of fog
 p - a scroll of noise
 s - a scroll of amnesia
 t - 2 scrolls of torment
 u - a scroll of brand weapon
 v - a scroll of magic mapping
 w - 2 scrolls of fear
 z - 2 scrolls of enchant armour
 B - a scroll of blinking
 J - 2 scrolls of identify {@r1}
 L - a scroll of enchant weapon {unknown}
Potions
 a - 2 potions of heal wounds {@q2}
 e - 2 potions of brilliance
 f - a potion of flight
 g - 8 potions of curing {@q1}
 h - a potion of ambrosia
 j - 4 potions of lignification
 m - a potion of experience {unknown}
 o - 5 potions of berserk rage
 q - 2 potions of resistance {unknown}
 r - a potion of invisibility {unknown}
 K - 2 potions of haste {@q3}


   Skills:
 - Level 10.2 Fighting
 + Level 7.8 Dodging
 - Level 1.7 Stealth
 + Level 7.0 Spellcasting
 - Level 11.6 Conjurations
 - Level 0.9 Translocations
 + Level 3.3 Ice Magic
 - Level 4.0 Air Magic
 - Level 9.2 Earth Magic


You had 9 spell levels left.
You knew the following spells:

 Your Spells              Type           Power      Damage    Failure   Level
a - Magic Dart            Conj           100%       1d8       1%          1
b - Searing Ray           Conj           100%       2d8       1%          2
c - Static Discharge      Conj/Air       46%        N/A       1%          2
d - Iron Shot             Conj/Erth      36%        9d7       1%          6
e - Freezing Cloud        Conj/Ice/Air   19%        6-21      1%          5

Your spell library contained the following spells:

 Spells                   Type           Power      Damage    Failure   Level
 Lightning Bolt           Conj/Air       23%        1d38      1%          5
 Corpse Rot               Necr/Air       36%        N/A       1%          2
 Passwall                 Tmut/Erth      37%        N/A       1%          2
 Dazzling Flash           Conj/Hex       72%        N/A       1%          3
 Mephitic Cloud           Conj/Pois/Air  33%        N/A       1%          3
 Swiftness                Air            27%        N/A       1%          3
 Fulminant Prism          Conj/Hex       18%        3d11      1%          4
 Iskenderun's Mystic Bla  Conj/Tloc      38%        2d9       1%          4
 Iskenderun's Battlesphe  Conj           59%        2d11      1%          5
 Animate Skeleton         Necr           16%        N/A       2%          1
 Pain                     Necr           32%        1d5       2%          1
 Slow                     Hex            32%        N/A       2%          1
 Summon Small Mammal      Summ           32%        N/A       2%          1
 Ensorcelled Hibernation  Hex/Ice        32%        N/A       2%          2
 Ignite Poison            Fire/Tmut/Pois 8%         N/A       2%          3
 Call Imp                 Summ           8%         N/A       4%          2
 Leda's Liquefaction      Hex/Erth       22%        N/A       4%          4
 Call Canine Familiar     Summ           8%         N/A       9%          3
 Confusing Touch          Hex            8%         N/A       9%          3
 Spider Form              Tmut/Pois      4%         N/A       9%          3
 Summon Guardian Golem    Hex/Summ       8%         N/A       9%          3
 Tukima's Dance           Hex            8%         N/A       9%          3
 Vampiric Draining        Necr           4%         2d6       9%          3
 Passage of Golubria      Tloc           13%        N/A       19%         4
 Yara's Violent Unravell  Hex/Tmut       4%         3d4       21%         5
 Dispel Undead            Necr           8%         3d8       26%         4
 Metabolic Englaciation   Hex/Ice        8%         N/A       38%         5
 Spellforged Servitor     Conj/Summ      18%        N/A       45%         7
 Summon Forest            Summ/Tloc      5%         N/A       52%         5
 Summon Mana Viper        Hex/Summ       8%         N/A       58%         5
 Death Channel            Necr           4%         N/A       98%         6
 Invisibility             Hex            4%         N/A       98%         6
 Summon Cactus Giant      Summ           4%         N/A       98%         6


Dungeon Overview and Level Annotations

Branches:
Dungeon (12/15)            Temple (0/1) D:4            Lair (3/6) D:10
 Spider (0/4) Lair:2      Ossuary (visited)
  Swamp: Lair:2-4    Shoals: Lair:2-4       Orc: D:9-12

Altars:
Hepliaklqana
Vehumet

Shops:
D:8 :

Portals:
Trove: D:10 (give +3 storm dragon scales)

Annotations:
D:2 Natasha
D:3 exclusion: downstairs
D:5 exclusion: centaur
D:10 exclusion: downstairs
D:11 2 transporters, ytrimaz's ghost, journeyman MiBe
Lair:3 Snorg


Innate Abilities, Weirdness & Mutations

You have a pair of large horns on your head.
You are completely covered in large bone plates. (SH +8)
You regenerate a little health from kills.


Message History

You're standing in a cloud of freezing vapour!
You are engulfed in freezing vapours.
You resist.
HP restored.
Magic restored.
Things that are here:
a +0 giant club; a +0 giant club You open the door.
There is an open door here.
A jumping spider and a centaur warrior come into view.
The jumping spider hisses angrily.
The centaur warrior shouts!
You hear a deafening roar!
The centaur warrior wields a +0 longbow.
The centaur warrior shoots an arrow.
The arrow hits you!!
The jumping spider leaps!
There are monsters nearby!
Casting: Freezing Cloud (dangerous; 1% risk of failure)
Confirm with . or Enter, or press ? or * to list all spells.
Aiming: Freezing Cloud (dangerous; 1% risk of failure)
Press: ? - help, Dir - move target The jumping spider closely misses you.
The jumping spider bites you.
The centaur warrior is engulfed in freezing vapours.
The centaur warrior shoots an arrow.
The arrow hits you!! You block the jumping spider's attack.
The jumping spider closely misses you.
The centaur warrior is engulfed in freezing vapours.
The centaur warrior shoots an arrow.
The arrow hits you!
* * * LOW HITPOINT WARNING * * *
Okay, then.
The centaur warrior is engulfed in freezing vapours.
The centaur warrior shoots an arrow.
The arrow hits you!
* * * LOW HITPOINT WARNING * * *
The jumping spider pounces on you!
* * * LOW HITPOINT WARNING * * *
You are caught in a web!
The jumping spider bites you but does no damage.
There is a web, spattered with blood here.
You struggle to detach yourself from the web.
The centaur warrior is engulfed in freezing vapours.
The centaur warrior shoots an arrow.
The arrow barely misses you. The jumping spider pounces on you.
You die...

... # #.# ######
#.######.# #.....
#......#.####.....
##########.#.#.#........
..........#....'........
..........#..#.#........
########....#..#.#........
........s@..#.##.#........
####$...#..#...<#........
##§.§#..#.##.#.#######
##§§#..#....#.#
##§#..#.##.#.#
#§#..#......#
#§#..#.##.### #c#..#.##.#
.# #.##.#


You could see a centaur warrior and a jumping spider.

Vanquished Creatures
  Gastronok (Lair:3)
  4 hydras
  A boulder beetle (Lair:3)
  A centaur warrior (D:10)
  A two-headed ogre (D:12)
  Urug (Lair:3)
  A manticore (D:11)
  2 black mambas
  5 cane toads
  Maggie (Lair:1)
  7 komodo dragons
  3 trolls
  A polar bear (Lair:3)
  A tyrant leech (Lair:1)
  A hornet (D:8)
  A meliai zombie (D:11)
  6 slime creatures (D:11)
  A shadow (D:11)
  33 yaks
  A wraith (Ossuary)
  A vampire (D:11)
  3 wyverns
  A steam dragon (D:10)
  3 acid dragons
  A swamp worm (Lair:2)
  6 orc warriors
  9 water moccasins
  2 ice beasts
  2 black bears
  An ogre (D:5)
  2 centaurs
  3 wolves
  A necrophage (D:6)
  4 bullfrogs
  A gnoll sergeant (D:11)
  2 scorpions
  7 wights
  20 killer bees
  A water moccasin skeleton (D:7)
  2 howler monkeys
  4 electric eels (Lair:1)
  3 jellies
  A bullfrog zombie (D:5)
  3 centaur zombies
  2 hounds
  2 bullfrog skeletons (D:6)
  A centaur skeleton (D:6)
  3 orc priests
  3 iguanas
  8 orc wizards
  A hound skeleton (D:4)
  2 mummies
  2 howler monkey zombies
  5 adders
  6 gnolls
  4 white imps
  3 ufetubi
  2 worms (D:2)
  2 dart slugs
  18 orcs
  3 ball pythons
  7 endoplasms
  4 giant cockroaches (D:2)
  4 goblins
  5 hobgoblins
  9 jackals
  3 quokkas
  7 bats
  5 frilled lizards
  4 gnoll skeletons (Ossuary)
  2 hobgoblin zombies (D:7)
  6 kobolds
  8 kobold skeletons (Ossuary)
  13 orc skeletons (Ossuary)
  2 orc zombies (D:7)
  5 rats
307 creatures vanquished.

Vanquished Creatures (others)
  22 fungi
  62 plants
84 creatures vanquished.

Grand Total: 391 creatures vanquished

Notes
Turn   | Place    | Note
-------+----------+-------------------------------------------
     0 | D:1      | freelancePsychic the Demonspawn Conjurer began the quest
                  | for the Orb.
     0 | D:1      | Reached XP level 1. HP: 13/13 MP: 3/3
   202 | D:1      | Got Sif Muna's Compendium of Execration
   270 | D:1      | Gained mutation: You have a pair of small horns on your
                  | head. [demonic ancestry]
   270 | D:1      | Reached XP level 2. HP: 20/20 MP: 1/5
   360 | D:1      | Reached skill level 1 in Fighting
   363 | D:1      | Learned a level 2 spell: Searing Ray
  1614 | D:2      | Gained mutation: You regenerate a little health from kills.
                  | [demonic ancestry]
  1614 | D:2      | Reached XP level 3. HP: 26/26 MP: 0/6
  2206 | D:2      | Reached XP level 4. HP: 33/33 MP: 3/8
  2429 | D:2      | Noticed Natasha
  2597 | D:2      | You fall into a shaft and drop 1 floor!
  2847 | D:3      | Found a radiant altar of Vehumet.
  2855 | D:3      | Became a worshipper of Vehumet
  3629 | D:3      | Reached skill level 5 in Conjurations
  3629 | D:3      | Gained mutation: You are partially covered in large bone
                  | plates. (SH +4) [demonic ancestry]
  3629 | D:3      | Reached XP level 5. HP: 39/39 MP: 3/9
  3983 | D:4      | Noticed a black bear
  4638 | D:5      | Entered Level 5 of the Dungeon
  4640 | D:5      | Identified a scroll of acquirement
  4640 | D:5      | Acquired the ring "Bijyak" {Wiz +Blink rC+++ Will-}
  4863 | D:5      | Noticed a centaur
  4899 | D:5      | Noticed a water moccasin
  4930 | D:5      | Reached XP level 6. HP: 44/47 MP: 2/10
  5027 | D:5      | Killed a water moccasin
  5044 | D:5      | Found a sand-covered staircase.
  5051 | Ossuary  | Entered an ossuary
  5051 | Ossuary  | Noticed a wraith
  5051 | Ossuary  | Noticed a wraith
  5051 | Ossuary  | Noticed a wraith
  5214 | Ossuary  | Reached * piety under Vehumet
  5214 | Ossuary  | Offered knowledge of Freeze by Vehumet.
  5331 | Ossuary  | Noticed a wraith
  5339 | Ossuary  | Killed a wraith
  5340 | Ossuary  | Reached skill level 6 in Conjurations
  5340 | Ossuary  | Gained mutation: You are mostly covered in large bone
                  | plates. (SH +6) [demonic ancestry]
  5340 | Ossuary  | Reached XP level 7. HP: 42/54 MP: 2/12
  5915 | D:5      | Reached ** piety under Vehumet
  5915 | D:5      | Offered knowledge of Static Discharge by Vehumet.
  5919 | D:5      | Learned a level 2 spell: Static Discharge
  6195 | D:5      | Reached skill level 1 in Air Magic
  6700 | D:6      | Reached skill level 5 in Fighting
  7012 | D:6      | Reached skill level 5 in Spellcasting
  7012 | D:6      | Reached XP level 8. HP: 59/62 MP: 8/15
  7792 | D:7      | Found the +8 orange crystal plate armour {Archmagi, Int+3
                  | Clar}
  8795 | D:4      | Found a staircase to the Ecumenical Temple.
  9281 | D:8      | Reached skill level 7 in Conjurations
  9413 | D:8      | Offered knowledge of Poisonous Vapours by Vehumet.
  9607 | D:8      | Gained mutation: You have a pair of horns on your head.
                  | [demonic ancestry]
  9607 | D:8      | Reached XP level 9. HP: 40/71 MP: 5/16
  9864 | D:8      | Found Meudir's Book Shop.
 10179 | D:9      | Noticed a two-headed ogre
 10302 | D:9      | Reached skill level 8 in Conjurations
 10302 | D:9      | Reached skill level 1 in Earth Magic
 10923 | D:9      | Reached *** piety under Vehumet
 11348 | D:9      | Noticed a troll
 11750 | D:9      | Noticed a troll
 11806 | D:10     | Entered Level 10 of the Dungeon
 11902 | D:10     | Reached skill level 9 in Conjurations
 12157 | D:10     | Gained mutation: You have a pair of large horns on your
                  | head. [demonic ancestry]
 12157 | D:10     | Reached XP level 10. HP: 78/82 MP: 10/17
 12408 | D:10     | Offered knowledge of Stone Arrow by Vehumet.
 12719 | D:8      | Bought a book of Power for 504 gold pieces
 12726 | D:8      | Learned a level 6 spell: Iron Shot
 13223 | D:9      | Noticed a boulder beetle
 13225 | D:9      | Noticed a death knight
 13489 | D:10     | Found a portal to a secret trove of treasure.
 13944 | D:10     | Noticed a centaur warrior
 13952 | D:10     | Killed a centaur warrior
 13953 | D:10     | Reached skill level 5 in Earth Magic
 14364 | D:10     | Found a staircase to the Lair.
 14506 | D:11     | Noticed a manticore
 14507 | D:11     | Noticed a five-headed hydra
 14619 | Lair:1   | Entered Level 1 of the Lair of Beasts
 14722 | Lair:1   | Noticed a black mamba
 14731 | Lair:1   | Killed a black mamba
 15381 | Lair:1   | Noticed Maggie
 15401 | Lair:1   | Killed Maggie
 15401 | Lair:1   | Reached **** piety under Vehumet
 15402 | Lair:1   | Reached skill level 10 in Fighting
 16056 | Lair:2   | Noticed a black mamba
 16056 | Lair:2   | Found a hole to the Spider Nest.
 16060 | Lair:2   | Killed a black mamba
 16061 | Lair:2   | Gained mutation: You are completely covered in large bone
                  | plates. (SH +8) [demonic ancestry]
 16061 | Lair:2   | Reached XP level 11. HP: 90/90 MP: 4/19
 16163 | Lair:2   | Noticed a five-headed hydra
 16208 | Lair:2   | Noticed a four-headed hydra
 16766 | Lair:2   | Offered knowledge of Yara's Violent Unravelling by Vehumet.
 16906 | Lair:2   | Noticed a six-headed hydra
 17265 | Lair:1   | Killed a four-headed hydra
 17409 | Lair:2   | Reached skill level 10 in Conjurations
 18607 | Lair:2   | Identified the +4 chain mail "Jociluleck" {Harm rPois rN++
                  | Will-}
 18623 | Lair:2   | Killed a five-headed hydra
 18624 | Lair:2   | Reached skill level 5 in Dodging
 18920 | Lair:2   | Noticed a seven-headed hydra
 19240 | Lair:2   | Killed a seven-headed hydra
 19833 | Lair:3   | Noticed a boulder beetle
 19871 | Lair:3   | Killed a boulder beetle
 19872 | Lair:3   | Reached skill level 11 in Conjurations
 19872 | Lair:3   | Reached XP level 12. HP: 97/97 MP: 9/21
 20204 | Lair:3   | Noticed Urug
 20209 | Lair:3   | Killed Urug
 20460 | Lair:3   | Noticed Gastronok
 20481 | Lair:3   | Killed Gastronok
 20969 | Lair:3   | Noticed Snorg
 21348 | D:11     | Found a transporter.
 21378 | D:11     | Found a transporter.
 21402 | D:11     | Noticed ytrimaz's ghost (journeyman MiBe)
 21415 | D:11     | Found a hazy altar of Hepliaklqana.
 21434 | D:11     | Reached ***** piety under Vehumet
 21436 | D:11     | Offered knowledge of Lightning Bolt by Vehumet.
 21441 | D:11     | Reached skill level 1 in Ice Magic
 22001 | D:11     | Killed a five-headed hydra
 22990 | D:11     | Learned a level 5 spell: Freezing Cloud
 23060 | D:12     | Noticed a two-headed ogre
 23064 | D:12     | Killed a two-headed ogre
 23120 | D:12     | Noticed a centaur warrior
 23124 | D:12     | Slain by a jumping spider (shapeshifter)

Illustrated notes

Levels and vault maps discovered:
D:1:      lemuel_arrival_river_bridge, layout_basic, minmay_indecisive_spiral
D:2:      minmay_chambers_of_twos, layout_loops_ring, uniq_natasha
D:3:      layout_rooms, mainiacjoe_overflow_tiny_flanked, kennysheep_doodads,
          minmay_bisected
D:4:      layout_basic, temple_hall
D:5:      layout_loops_cross, lightli_ossuary_entry_decrepit_ruins
D:6:      layout_basic
D:7:      layout_loops_corners, minmay_mini_ossuary
D:8:      kennysheep_seaside_town, layout_cave_pools, serial_shops,
          nicolae_lakefront_shop
D:9:      nzn_winding_woodlands_three_and_one
          [nzn_winding_woodlands_5x15_split_checker,
          nzn_winding_woodlands_5x15_river_crossing,
          nzn_winding_woodlands_5x15_concentric,
          nzn_winding_woodlands_center_lodge], layout_grid_maze,
          chequers_serial_rivers_room_b
D:10:     layout_roguey, david_lair_shrubbed, nicolae_trove_entry_crossroad
D:11:     layout_stronghold, gammafunk_ghost_stat_death,
          nzn_hepliaklqana_mist_gate
D:12:     minmay_containers, layout_basic, orc_david_3
Lair:1:   layout_misc_corridors, serial_bayou_lake_a, uniq_maggie
Lair:2:   layout_big_grid, palyth_hydra_swamp_entry, dummy_spider_entry
Lair:3:   layout_gridlike, lemuel_fruit_tree, lemuel_fruit_fields,
          uniq_gastronok, uniq_snorg, uniq_urug

Skill      XL: |  1  2  3  4  5  6  7  8  9 10 11 12 |
---------------+-------------------------------------+-----
Fighting       | 1 2 3 4 5 6 8 10 | 10.2
Spellcasting   | 3 5 6 7 |  7.0
Conjurations   | 5 6 7 9 11 | 11.6
Air Magic      | 2 4 |  4.0
Earth Magic    | 3 6 8 9 |  9.2
Dodging        | 5 7 |  7.8
Ice Magic      | 3 |  3.3
Stealth        | |  1.7
Translocations | |  0.9

Action                   |  1- 3 |  4- 6 |  7- 9 | 10-12 || total
-------------------------+-------+-------+-------+-------++-------
Melee: Unarmed           |     7 |     7 |       |       ||    14
       Short sword       |       |    17 |    43 |    72 ||   132
       Headbutt          |       |     3 |     7 |     8 ||    18
 Cast: Magic Dart        |    24 |    10 |       |       ||    34
       Searing Ray       |    27 |    41 |    42 |    12 ||   122
       Static Discharge  |       |       |   103 |   122 ||   225
       Iron Shot         |       |       |       |   139 ||   139
       Freezing Cloud    |       |       |       |     2 ||     2
Evoke: Wand              |       |       |     2 |    16 ||    18
  Use: Scroll            |     4 |     7 |     7 |    15 ||    33
       Potion            |       |     4 |     3 |     6 ||    13
 Stab: Sleeping          |       |       |     2 |       ||     2
Armor: Robe              |     5 |     9 |    44 |    91 ||   149
Dodge: Dodged            |    13 |    39 |    86 |   174 ||   312
Block: Other             |       |    15 |    38 |   110 ||   163

Table legend: (Time is in decaauts)
 A = Elapsed time spent in this place.
 B = Non-inter-level travel time spent in this place.
 C = Inter-level travel time spent in this place.
 D = Time resting spent in this place.
 E = Time spent auto-exploring this place.
 F = Levels seen in this place.
 G = Mean time per level.
                   A        B        C        D        E       F      G
               +--------+--------+--------+--------+--------+-----+--------+
         Total |  23200 |  22326 |    874 |   3159 |  16028 |  16 | 1450.0 |
       Dungeon |  15865 |  15177 |    688 |    826 |  12217 |  12 | 1322.1 |
          Lair |   6570 |   6385 |    185 |   2333 |   3172 |   3 | 2190.0 |
       Ossuary |    764 |    764 |      0 |      0 |    639 |   1 |  764.0 |
               +--------+--------+--------+--------+--------+-----+--------+

Top non-repeatable levels by time:
  Lair:1: 3147 daAuts
     D:9: 2695 daAuts
  Lair:2: 1987 daAuts
    D:10: 1919 daAuts
    D:11: 1702 daAuts
  Lair:3: 1435 daAuts
     D:1: 1363 daAuts
     D:2: 1338 daAuts
     D:5: 1243 daAuts
     D:4: 1223 daAuts
     D:7: 1152 daAuts
     D:3: 1071 daAuts
     D:8: 1028 daAuts
     D:6: 1019 daAuts
 Ossuary: 764 daAuts
